 Dungeon Crawl Stone Soup version 0.21-a0-85-ga0cb861 (console) character file.

207 removed the Insei (level 5, -6/38 HPs)
             Began as a Demonspawn Gladiator on June 25, 2017.
             Mangled by a black bear (9 damage)
             ... on level 4 of the Dungeon.
             The game lasted 00:05:30 (2341 turns).

removed the Insei (Demonspawn Gladiator)            Turns: 2341, Time: 00:05:30

Health: -6/38      AC:  5    Str: 14    XL:     5   Next: 54%
Magic:  5/5        EV: 15    Int:  9    God:
Gold:   127        SH:  0    Dex: 16    Spells: 4/4 levels left

rFire    . . .     SeeInvis .     - Unarmed
rCold    . . .     Gourm    .   (no shield)
rNeg     . . .     Faith    .   a - +0 leather armour
rPois    .         Spirit   .   b - +0 helmet
rElec    .         Reflect  .   o - +0 cloak
rCorr    +         Harm     .   (no gloves)
MR       .....                  (no boots)
Stlth    +.........             i - amulet of inaccuracy (curse)
HPRegen  0.12/turn              t - ring of resist corrosion
MPRegen  0.09/turn              (no ring)

@: no status effects
A: repulsion field 1, spiny 1
a: no special abilities


You were on level 4 of the Dungeon.
You were not hungry.

You visited 1 branch of the dungeon, and saw 4 of its levels.

You collected 127 gold pieces.

Inventory:

Missiles
 c - 3 throwing nets (quivered)
Armour
 a - a +0 leather armour (worn)
 b - a +0 helmet (worn)
 o - a +0 cloak (worn)
Jewellery
 i - a cursed amulet of inaccuracy (around neck)
 t - a ring of resist corrosion (left hand)
 x - an uncursed amulet of harm {unknown}
Potions
 h - a potion of curing
 j - a potion of cancellation
 l - a potion of mutation
 m - a potion of flight
 q - a potion of haste {unknown}
 r - a potion of brilliance {unknown}
 u - a potion of might
Comestibles
 d - 5 bread rations
 v - 5 chunks of flesh
 w - a royal jelly


   Skills:
 - Level 2.0 Fighting
 - Level 1.7 Throwing
 + Level 2.6 Dodging
 - Level 5.7 Unarmed Combat


You had 4 spell levels left.
You didn't know any spells.

Dungeon Overview and Level Annotations

Branches:
Dungeon (4/15)
 Temple: D:4-7

Altars:

Annotations:
D:2 exclusion: adder
D:3 sergedm's ghost, weakling DECj


Innate Abilities, Weirdness & Mutations

You are surrounded by a mild repulsion field. (EV +2)
You are partially covered in sharp spines.


Message History

The black bear closely misses you. The black bear claws you. x2
* * * LOW HITPOINT WARNING * * *
You hit the black bear but do no damage.
The black bear is severely wounded.
You hear the slow rusting of a distant drain.
The black bear barely misses you.
The black bear claws you but does no damage. x2
Unknown command.
You barely miss the black bear.
The black bear is severely wounded.
The black bear is struck by your spines.
The black bear bites you!
* * * LOW HITPOINT WARNING * * *
The black bear closely misses you. x2
Unknown command.
You miss the black bear.
The black bear is almost dead.
The black bear is struck by your spines.
The black bear bites you!
You die...

# .## ..# ..#
### ###%# #.#
##.######..# #.#
#.........# #..
........@h.##
##..
......$..#..#
#...
........##..#
#...
...$...####.##
##.. ......#
#..## ##...
.....# #...##
#.... .!...
#....### ##....
...
#...#...###.....
#..###......####


You could see a black bear (berserk).

Vanquished Creatures
  A centaur skeleton (D:4)
  An iguana (D:4)
  A gnoll (D:3)
  3 adders
  An ooze (D:2)
  3 worms (D:2)
  A dart slug (D:1)
  3 leopard geckos
  8 orcs
  3 ball pythons
  8 giant cockroaches
  6 goblins
  4 hobgoblins
  13 jackals
  6 kobolds
  2 quokkas (D:2)
  13 bats
  3 frilled lizards
  5 rats
85 creatures vanquished.

Notes
Turn   | Place    | Note
-------+----------+-------------------------------------------
     0 | D:1      | removed the Demonspawn Gladiator began the quest for the Orb.
     0 | D:1      | Reached XP level 1. HP: 16/16 MP: 1/1
    52 | D:1      | Reached skill level 3 in Unarmed Combat
   154 | D:1      | Gained mutation: You are partially covered in sharp spines. [demonic ancestry]
   154 | D:1      | Reached XP level 2. HP: 22/22 MP: 2/2
   593 | D:1      | Reached XP level 3. HP: 27/27 MP: 3/3
   872 | D:2      | Reached skill level 4 in Unarmed Combat
  1209 | D:2      | Found a faded altar of an unknown god.
  1219 | D:2      | Gained mutation: You are surrounded by a mild repulsion field. (EV +2) [demonic ancestry]
  1219 | D:2      | Reached XP level 4. HP: 21/33 MP: 4/4
  1725 | D:3      | Reached skill level 5 in Unarmed Combat
  2118 | D:3      | Reached XP level 5. HP: 38/38 MP: 5/5
  2175 | D:3      | Noticed sergedm's ghost (weakling DECj)
  2324 | D:4      | Noticed a black bear
  2341 | D:4      | Mangled by a black bear

Vault maps used:
D:1:      dpeg_arrival_prison, minmay_misc_feat_pillars, hangedman_decor_points
D:2:      chequers_ecumenical_altar_simple
D:3:      lemuel_castle_with_subvaults, grunt_ministairs_1, solitary_fountain,
          kennysheep_minor_cross, elyvilon_altar_5, uniq_ijyb
D:4:      minitemple, serial_shops, nicolae_shop_stone, gup_sewer_entry_spiral,
          first_bread, supply_closet_lemuel, kennysheep_generic_room_10

Skill      XL: |  1  2  3  4 |
---------------+-------------+-----
Unarmed Combat | 3 4 5 |  5.7
Fighting       | |  2.0
Throwing       | |  1.7
Dodging        | |  2.6

Action                   |  1- 3 |  4- 6 || total
-------------------------+-------+-------++-------
Melee: Unarmed           |   135 |    92 ||   227
       Punch             |     2 |     1 ||     3
  Use: Scroll            |       |     8 ||     8
 Stab: Sleeping          |     2 |     1 ||     3
  Eat: Chunk             |     1 |     4 ||     5
Armor: Leather armour    |    39 |    20 ||    59
Dodge: Dodged            |    72 |    89 ||   161
